 Dungeon Crawl Stone Soup version 0.30-a0-122-g2a1322497e (webtiles) character file.

Game seed: 9856303925509620817

9 Dreamer the Sneak (level 2, 0/28 HPs)
             Began as a Naga Delver on Sept 15, 2022.
             Killed by divine providence
             ... invoked by an orc priest
              (11 damage)
             ... on level 5 of the Dungeon.
             The game lasted 00:00:42 (145 turns).

Dreamer the Sneak (Naga Delver)                      Turns: 145, Time: 00:00:43

Health: 0/28       AC:  2    Str: 14    XL:     2   Next: 12%
Magic:  2/2        EV:  9    Int: 10    God:
Gold:   22         SH:  0    Dex: 12    Spells: 1/1 levels left

rFire   . . .      SeeInvis +    a - +0 short sword
rCold   . . .      Faith    .    (no shield)
rNeg    . . .      Spirit   .    b - +0 leather armour
rPois   +          Reflect  .    (no helmet)
rElec   .          Harm     .    (no cloak)
rCorr   .          Rampage  .    (no gloves)
Will    .....                    (no barding)
Stlth   +++.......               (no amulet)
HPRegen 0.09/turn                (no ring)
MPRegen 0.08/turn                (no ring)

@: very slow
A: AC +0, large, see invisible, deformed body, poison resistance, slowness 2,
spit poison 1, naga tail 1
a: Spit Poison


You were on level 5 of the Dungeon.
You visited 1 branch of the dungeon, and saw 2 of its levels.

You collected 22 gold pieces.

Inventory:

Hand Weapons
 a - a +0 short sword (weapon)
Armour
 b - a +0 leather armour (worn)
Wands
 g - a wand of digging (3)
Scrolls
 c - a scroll of fog
 d - a scroll of magic mapping
 e - a scroll of fear
Potions
 f - a potion of haste


   Skills:
 - Level 3.0 Fighting
 + Level 2.4 Short Blades
 - Level 1.5 Dodging
 + Level 7.6 Stealth


You had one spell level left.
You didn't know any spells.
Your spell library was empty.

Dungeon Overview and Level Annotations

Branches:
Dungeon (6/15)
 Temple: D:4-7

Altars:

Annotations:
D:5 exclusion: steam dragon


Innate Abilities, Weirdness & Mutations

Your serpentine skin is tough. (AC +0)
You have supernaturally acute eyesight. (SInv)
Armour fits poorly on your strangely shaped body.
Your system is resistant to poisons. (rPois)
You cover ground very slowly.
You can spit poison.
You have a snake-like lower body.


Message History

The adder is severely wounded.
The adder closely misses you.
You hit the adder.
You kill the adder!
You have reached level 2!
You start resting.
HP restored.
Found an escape hatch in the floor.
Found a stone staircase leading down.
A steam dragon comes into view.
Press: ? - help, . - travel You can't see that place. [the floor.] Placed new exclusion.
There is a stone staircase leading down here.
You climb downwards.
There is a stone staircase leading up here.
Found 22 gold pieces.
You now have 22 gold pieces.
Found a stone staircase leading up.
There is a stone staircase leading up here.
You climb upwards.
Level annotation: exclusion: steam dragon The orc shouts!
You hear a shout! x2
Found 4 poisoned darts and 10 gold pieces.
There is a stone staircase leading down here.
The orc shouts! x2; You hear a shout!
You climb downwards.
There is a stone staircase leading up here.
There is a stone staircase leading up here.
You climb upwards.
Level annotation: exclusion: steam dragon The orc closely misses you.
The orc hits you with a +0 falchion! The orc hits you with a +0 mace.
An orc comes into view. It is wielding a +0 club.
A scorpion comes into view.
There is a stone staircase leading down here.
The orc hits you with a +0 club. The orc hits you with a +0 whip.
The orc priest mumbles some strange prayers to Beogh against you.
Beogh smites you!
You die...

###s .#
#...##.###
o.......#
#.$....o###
#..(......+
#........##
#.ooo.....#
#..@o...#
#########


You could see a scorpion (wandering), an orc priest and 5 orcs.

Vanquished Creatures
  An adder (D:5)
1 creature vanquished.

Vanquished Creatures (others)
  7 plants (D:6)
7 creatures vanquished.

Grand Total: 8 creatures vanquished

Notes
Turn   | Place    | Note
-------+----------+-------------------------------------------
     0 | D:5      | Dreamer the Naga Delver began the quest for the Orb.
     0 | D:5      | Reached XP level 1. HP: 21/21 MP: 1/1
     9 | D:5      | Reached XP level 2. HP: 22/28 MP: 2/2
    75 | D:5      | Noticed a steam dragon
   144 | D:5      | Noticed a scorpion
   145 | D:5      | Killed from afar by an orc priest

Illustrated notes

Levels and vault maps discovered:
D:5:      layout_rooms, lemuel_tele_altar, minmay_temple_entry_hall,
          ebering_ghost_rock_garden, grunt_ministairs_4,
          nicolae_shop_sticking_my_neck_out
D:6:      layout_basic, amethyst_overflow_temple_binary, serial_bayou_pond_c,
          grunt_ministairs_1, sigmund_army

Action                   || total
-------------------------++-------
Melee: Short sword       ||     5
Dodge: Dodged            ||     5

Table legend: (Time is in decaauts)
 A = Elapsed time spent in this place.
 B = Non-inter-level travel time spent in this place.
 C = Inter-level travel time spent in this place.
 D = Time resting spent in this place.
 E = Time spent auto-exploring this place.
 F = Levels seen in this place.
 G = Mean time per level.
                   A        B        C        D        E       F      G
               +--------+--------+--------+--------+--------+-----+--------+
         Total |    171 |    171 |      0 |     64 |      4 |   2 |   85.5 |
       Dungeon |    171 |    171 |      0 |     64 |      4 |   2 |   85.5 |
               +--------+--------+--------+--------+--------+-----+--------+

Top non-repeatable levels by time:
     D:5: 98 daAuts
     D:6: 73 daAuts
